 Dungeon Crawl Stone Soup version 0.29.1-13-g9f3cf754e1 (webtiles) character file.

Game seed: 9706227326968274837

347 Sanktem7 the Trooper (level 6, -1/57 HPs)
             Began as a Minotaur Fighter on Jan 23, 2023.
             Slain by an iguana (8 damage)
             ... on level 6 of the Dungeon.
             The game lasted 00:04:49 (2464 turns).

Sanktem7 the Trooper (Minotaur Fighter)             Turns: 2464, Time: 00:04:50

Health: -1/57      AC:  9    Str: 22    XL:     6   Next: 32%
Magic:  5/5        EV:  7    Int:  5    God:
Gold:   142        SH:  4    Dex: 10    Spells: 5/5 levels left

rFire   . . .      SeeInvis .   a - +0 war axe {axe}
rCold   . . .      Faith    .   c - +0 buckler
rNeg    . . .      Spirit   .   l - +0 chain mail
rPois   .          Reflect  .   (helmet restricted)
rElec   .          Harm     .   (no cloak)
rCorr   .          Rampage  .   (no gloves)
Will    .....                   (no boots)
Stlth   ..........              (no amulet)
HPRegen 0.19/turn               (no ring)
MPRegen 0.09/turn               (no ring)

@: no status effects
A: horns 2, retaliatory headbutt
a: no special abilities


You were on level 6 of the Dungeon.
You visited 1 branch of the dungeon, and saw 4 of its levels.

You collected 142 gold pieces.


Innate Abilities, Weirdness & Mutations

You have a pair of horns on your head.
You reflexively headbutt those who attack you in melee.


   Skills:
 * Level 6.1 Fighting
 * Level 5.4 Axes
 + Level 5.0 Armour
 - Level 3.6 Shields


You had 5 spell levels left.
You didn't know any spells.
Your spell library contained the following spells:

 Spells                   Type           Power      Damage    Failure   Level
 Dispersal                Tloc           0%         N/A       100%        6
 Disjunction              Tloc           0%         N/A       100%        8

Inventory:

Hand Weapons
 a - a +0 war axe (weapon) {axe}
 r - a +0 dagger of draining {short}
   (You took it off a goblin on level 2 of the Dungeon)
 u - a +2 dagger of speed {short}
   (You took it off a kobold on level 3 of the Dungeon)
Missiles
 e - 34 stones (quivered) {throwing}
 t - 3 boomerangs {throwing}
Armour
 c - a +0 buckler (worn)
 l - a +0 chain mail (worn)
   (You found it on level 1 of the Dungeon)
Jewellery
 m - a +6 ring of intelligence
   (You found it on level 2 of the Dungeon)
 s - a ring of magical power
   (You found it on level 2 of the Dungeon)
Wands
 b - a wand of light (5)
   (You took it off Jessica on level 2 of the Dungeon)
Scrolls
 f - 5 scrolls of identify {unknown}
 g - a scroll of amnesia {unknown}
 h - a scroll of brand weapon {unknown}
 j - a scroll of blinking {unknown}
 o - 2 scrolls of teleportation {unknown}
 p - a scroll of fear {unknown}
 q - a scroll of noise {unknown}
Potions
 d - a potion of might
 i - 3 potions of flight {unknown}
 k - a potion of cancellation {unknown}
 n - 2 potions of heal wounds {unknown}
 v - a potion of degeneration {unknown}
 w - a potion of mutation {unknown}

Dungeon Overview and Level Annotations

Branches:
Dungeon (3/15) Zot: 21485

Altars:
Fedhas
Hepliaklqana
Sif Muna

Shops:
D:3

= #.......#
######.#.##.#######
#......#.##.#.....#
#.........#.......#
#.......#...#..⌠...
#.....#...#.#......
#.5o5.##.....)....#
###l####.##.#####.
####@# #.##.#####.##
#....# #.##†........
#.#######.##..####.##
#.# #.....##..# #.#
#.######..# #.# #.#
##..# #.# #.# #...#
##.###.# #.#.#
#########.#.##.#####.#.#


You could see an iguana, 2 white imps and an orc.


Message History

No target in view!
No target in view!
No target in view!
No target in view!
No target in view!
No target in view!
No target in view!
No target in view!
f - 5 scrolls labelled CADWEI XUMMOQO (gained 1)
You see here an adder corpse.
You now have 121 gold pieces (gained 14).
Key pressed, stopping explore.
You see here an adder corpse.
Found a stone staircase leading up. 😎 HP[+6]
Your hp is fully restored (48).
e - 34 stones {throwing} (gained 2)
You now have 142 gold pieces (gained 21).
A howler monkey, an ice beast and a black bear come into view.
The howler monkey howls!
You hear an angry hiss.
A white imp comes into view.
The howler monkey hoots and howls with incredible vigour!
You hear a shout! x2
You barely miss the ice beast.
The white imp shouts!
Something shouts, "Back with thee, thou grime-gilt elf-skinned prigger-of-prances!"
An ogre comes into view. It is wielding a +0 giant club.
A white imp comes into view.
The ice beast hits you but does no damage.
You hear a shout!
The ice beast attacks as you move away!
The ice beast hits you but does no damage.
An orc comes into view. It is wielding a +0 flail.
The ice beast attacks as you move away! The ice beast closely misses you.
An iguana comes into view.
The ice beast attacks as you move away!
The ice beast hits you but does no damage.
The ice beast attacks as you move away! The ice beast barely misses you.
The ice beast attacks as you move away!
The ice beast hits you but does no damage.
The ice beast attacks as you move away! The ice beast hits you.
The ice beast freezes you! 😮 HP[-13]
You take 13 damage, and now have 35/48 hp.
MASSIVE DAMAGE!! (PAUSE)
You hit the ice beast. You headbutt the ice beast. The ice beast hits you.
The ice beast freezes you!
The ice beast hits you but does no damage. 😮 HP[-9]
You take 9 damage, and now have 26/48 hp.
You barely miss the ice beast. You block the ice beast's attack.
You slash the ice beast! Your headbutt misses the ice beast.
The ice beast barely misses you.
You slash the ice beast!
You kill the ice beast!
Your Axes skill increases to level 5! 😮 HP[+2]
You now have 50 max hp (+2).
You regained 2 hp, and now have 28/50 hp.
You slash the black bear! You headbutt the black bear.
The black bear bites you.
* * * LOW HITPOINT WARNING * * *
The black bear barely misses you. The black bear claws you.
* * * LOW HITPOINT WARNING * * *
The black bear bites you but does no damage.
The black bear barely misses you.
The black bear claws you but does no damage. 😨 HP[-7]
You take 7 damage, and now have 21/50 hp.
You slash the black bear!
The black bear goes berserk!
You hit the black bear. The black bear bites you.
* * * LOW HITPOINT WARNING * * *
The black bear barely misses you. The black bear claws you.
* * * LOW HITPOINT WARNING * * *
You block the black bear's attack. The black bear closely misses you.
The black bear claws you but does no damage. 😨 HP[-6]
You take 6 damage, and now have 15/50 hp.
You hit the black bear. You headbutt the black bear.
You kill the black bear!
The iguana bites you.
* * * LOW HITPOINT WARNING * * *
Your Fighting skill increases to level 6!
Your Armour skill increases to level 5!
You have reached level 6! 😨 HP[+2] MP[+1]
You now have 57 max hp (+7).
You regained 2 hp, and now have 17/57 hp.
Your mp is fully restored (5).
You hit the iguana. The iguana bites you.
* * * LOW HITPOINT WARNING * * *
😨 HP[-1]
You take 1 damage, and now have 16/57 hp.
You slash the iguana! The iguana bites you!
* * * LOW HITPOINT WARNING * * *
😱 HP[-9]
You take 9 damage, and now have 7/57 hp.
You closely miss the iguana. The iguana bites you!
You die...

Skill      XL: |  1  2  3  4  5 |
---------------+----------------+-----
Fighting       | 4 5 6 |  6.1
Axes           | 3 4 5 |  5.4
Armour         | 4 5 |  5.0
Shields        | |  3.6

Action                   |  1- 3 |  4- 6 || total
-------------------------+-------+-------++-------
Melee: War axe           |    58 |    86 ||   144
       Headbutt          |     8 |    13 ||    21
Armor: Scale mail        |    12 |       ||    12
       Chain mail        |    26 |    62 ||    88
Dodge: Dodged            |    26 |    34 ||    60
Block: Buckler           |    21 |    17 ||    38

Levels and vault maps discovered:
D:1:      dpeg_arrival_stonehenge_8_columns, layout_loops_cross,
          minmay_pentomino_p2
D:2:      layout_basic, hellmonk_ecumenical_altar_watching_god, serial_forest,
          infiniplex_forest_side_room, infiniplex_forest_end_2,
          infiniplex_forest_clump_double, infiniplex_forest_lined_corner,
          infiniplex_forest_lined_ring, infiniplex_forest_clump_curved,
          infiniplex_forest_clump_tiny, infiniplex_forest_clump_C,
          hangedman_decor_clover_reticule, uniq_jessica
D:3:      layout_basic, pdpol_temple_overflow_zin_treasury_gozag_greed,
          lemuel_tele_altar, grunt_temple_overflow_open,
          grunt_nemelex_the_gamble, serial_shops, shop_fountains
D:6:      layout_loops_ring, solitary_fountain, minmay_ruined_shrine

Notes
Turn   | Place    | Note
-------+----------+-------------------------------------------
     0 | D:1      | Sanktem7 the Minotaur Fighter began the quest for the Orb.
     0 | D:1      | Reached XP level 1. HP: 19/19 MP: 0/0
     0 | D:1      | magus.rc [v1.9.6]
    10 | D:1      | You pick up a book of the Warp and begin reading...
    10 | D:1      | You add the spells Dispersal and Disjunction to your
                  | library.
   276 | D:1      | Reached XP level 2. HP: 20/27 MP: 1/1
   356 | D:1      | Reached skill level 4 in Fighting
   410 | D:1      | Reached skill level 3 in Axes
   829 | D:2      | Reached skill level 4 in Armour
   829 | D:2      | Reached XP level 3. HP: 23/34 MP: 2/2
   946 | D:2      | Noticed Jessica
   952 | D:2      | Killed Jessica
   986 | D:2      | Reached XP level 4. HP: 40/41 MP: 3/3
  1112 | D:2      | Reached skill level 4 in Axes
  1229 | D:2      | Found a faded altar of an unknown god.
  1230 | D:2      | Noticed an eye of devastation
  1232 | D:2      | Noticed a golden eye
  1232 | D:2      | Noticed a great orb of eyes
  1232 | D:2      | Noticed a shining eye
  1462 | D:2      | Reached skill level 5 in Fighting
  1912 | D:3      | Found a shimmering blue altar of Sif Muna.
  1915 | D:3      | Found a blossoming altar of Fedhas.
  2009 | D:3      | Found Hinkuhuf's Jewellery Emporium.
  2186 | D:3      | Found a hazy altar of Hepliaklqana.
  2292 | D:3      | You fall into a shaft and drop 3 floors!
  2310 | D:6      | Reached XP level 5. HP: 48/48 MP: 4/4
  2438 | D:6      | Noticed an ice beast
  2438 | D:6      | Noticed a black bear
  2439 | D:6      | Noticed an ogre
  2457 | D:6      | Killed an ice beast
  2458 | D:6      | Reached skill level 5 in Axes
  2461 | D:6      | Killed a black bear
  2462 | D:6      | Reached skill level 6 in Fighting
  2462 | D:6      | Reached skill level 5 in Armour
  2462 | D:6      | Reached XP level 6. HP: 17/57 MP: 5/5
  2463 | D:6      | HP: 7/57 [iguana (9)]
  2464 | D:6      | Slain by an iguana

Vanquished Creatures
  A black bear (D:6)
  An ice beast (D:6)
  Jessica (D:2)
  7 adders
  An ufetubus (D:6)
  A worm (D:3)
  4 dart slugs
  6 ball pythons
  6 endoplasms
  2 giant cockroaches
  4 goblins
  2 hobgoblins
  12 kobolds
  A quokka (D:1)
  6 bats
  4 frilled lizards
  3 rats
62 creatures vanquished.

Vanquished Creatures (others)
  13 plants (D:2)
13 creatures vanquished.

Grand Total: 75 creatures vanquished

Table legend:
 A = Non-vault XP
 B = Vault XP
 C = Vault XP percentage of total XP
 D = Non-vault monster count
 E = Vault monster count
 F = Vault count percentage of total count
                 A         B        C        D         E       F
            +---------+---------+-------+---------+---------+-------
      Total |     326 |     170 |  34.3 |      58 |       4 |   6.5
            +---------+---------+-------+---------+---------+-------
        D:1 |      21 |       4 |  16.0 |      15 |       2 |  11.8
        D:2 |      96 |      37 |  27.8 |      27 |       1 |   3.6
        D:3 |      24 |       0 |   0.0 |      11 |       0 |   0.0
        D:6 |     185 |     129 |  41.1 |       5 |       1 |  16.7
            +---------+---------+-------+---------+---------+-------

Illustrated notes

Table legend:
 A = Kills in this place as a percentage of kills in entire the game.
 B = Kills by you in this place as a percentage of kills by you in the entire game.
 C = Kills by friends in this place as a percentage of kills by friends in the entire game.
 D = Other kills in this place as a percentage of other kills in the entire game.
 E = Experience gained in this place as a percentage of experience gained in the entire game.
 F = Experience gained in this place divided by the number of levels of this place that you have seen.
                   A       B       C       D       E      F
               +-------+-------+-------+-------+-------+----------------------
         Total | 100.0 | 100.0 |   N/A |   N/A | 100.0 | 124.0
       Dungeon | 100.0 | 100.0 |   N/A |   N/A | 100.0 | 124.0
               +-------+-------+-------+-------+-------+----------------------

Table legend: (Time is in decaauts)
 A = Elapsed time spent in this place.
 B = Non-inter-level travel time spent in this place.
 C = Inter-level travel time spent in this place.
 D = Time resting spent in this place.
 E = Time spent auto-exploring this place.
 F = Levels seen in this place.
 G = Mean time per level.
                   A        B        C        D        E       F      G
               +--------+--------+--------+--------+--------+-----+--------+
         Total |   2513 |   2416 |     97 |      0 |   2002 |   4 |  628.2 |
       Dungeon |   2513 |   2416 |     97 |      0 |   2002 |   4 |  628.2 |
               +--------+--------+--------+--------+--------+-----+--------+

Top non-repeatable levels by time:
     D:2: 1146 daAuts
     D:1: 797 daAuts
     D:3: 389 daAuts
     D:6: 179 daAuts
